 Dungeon Crawl Stone Soup version 0.16-a0-3667-g690a316 (console) character file.

22 Roderic the Caller (level 2, -1/20 HPs)
             Began as a Bearkin Summoner on Jan 22, 2015.
             Slain by an orc
             ... wielding a +0 dagger
              (4 damage)
             ... on level 3 of the Dungeon.
             The game lasted 00:03:42 (982 turns).

Roderic the Caller (Bearkin Summoner)                Turns: 982, Time: 00:03:42

Health: -1/20      AC:  3    Str: 11    XL:     2   Next: 68%
Magic:  4/5        EV: 12    Int: 14    God:
Gold:   106        SH:  0    Dex: 11    Spells: 1 memorised, 4 levels left

rFire  . . .     SeeInvis .     (no weapon)
rCold  . . .     Clarity  .     a - +0 robe
rNeg   . . .     SustAb   .     (no shield)
rPois  .         Gourm    .     (no helmet)
rElec  .         Spirit   .     (no cloak)
rCorr  .         Warding  .     (no gloves)
rMut   .         Stasis   .     (no boots)
MR     .....                    (no amulet)
Stlth  ++........               (no ring)
                                (no ring)

@: not resistant to hostile enchantments, unstealthy
A: claws 1, shaggy fur 1, hind claws 1, cornered berserk
a: Cornered Berserk


You were on level 3 of the Dungeon.
You were not hungry.

You visited 1 branch of the dungeon, and saw 3 of its levels.

You collected 106 gold pieces.

Inventory:

Hand weapons
 d - a +0 club
Armour
 a - a +0 robe (worn)
Scrolls
 e - a scroll of magic mapping {unknown}
 g - a scroll of amnesia {unknown}
 h - a scroll of remove curse {unknown}
Potions
 f - a potion of mutation {unknown}
Books
 b - a book of Callings

   Spells                             Type                      Level
   a - Summon Small Mammal            Summoning                    1
   b - Call Imp                       Summoning                    2
   c - Call Canine Familiar           Summoning                    3
   d - Summon Guardian Golem          Hexes/Summoning              4
   e - Summon Lightning Spire         Summoning/Air                4
   f - Summon Ice Beast               Ice/Summoning                4


   Skills:
 + Level 0.4 Fighting
 + Level 1.8 Dodging
 + Level 1.6 Stealth
 + Level 0.4 Unarmed Combat
 + Level 2.3 Spellcasting
 + Level 4.2 Summonings


You had 4 spell levels left.
You knew the following spells:

 Your Spells              Type           Power        Failure   Level  Hunger
a - Summon Small Mammal   Summ           ##..         4%          1    #......


Dungeon Overview and Level Annotations

Branches:
Dungeon (3/15)

Altars:

Annotations:
D:2 Jessica, Terence


Innate Abilities, Weirdness & Mutations

You have sharp fingernails.
You are covered in fur (AC +1).
Your hind legs have claws.
You can berserk when greatly wounded.


Message History

Your bat's corpse disappears in a puff of smoke!
You barely miss the orc. You claw the orc, but do no damage.
The orc is moderately wounded.
Your bat hits the jackal but does no damage.
The jackal barely misses your bat. The orc hits you but does no damage.
You closely miss the orc. You claw the orc, but do no damage.
The orc is moderately wounded.
Your bat misses the jackal. The orc hits you with a dagger.
* * * LOW HITPOINT WARNING * * *
The jackal bites your bat.
You scratch the orc but do no damage. You claw the orc, but do no damage.
The orc is moderately wounded.
Your bat barely misses the jackal.
The jackal misses your bat. The orc hits you with a dagger.
* * * LOW HITPOINT WARNING * * *
You barely miss the orc.
Your hind claws misses the orc.
The orc is heavily wounded.
The jackal barely misses your bat.
Your bat closely misses the jackal.
The orc hits you with a dagger.
You die...

. .. .▒ .▒ ▒▒.▒ ▒ ...
▒. ▒.▒ ▒▒▒▒▒▒▒▒
▒▒▒▒..▒▒o▒▒▒▒▒▒▒...▒▒..
▒......@........... ▒.▒
▒.▒▒..▒▒.▒▒▒▒▒▒▒... ▒.▒
▒. ▒b▒ ▒.▒ ▒.▒▒ ▒ ▒h▒
▒.▒ ▒...
▒h▒▒▒▒▒▒▒▒.▒▒▒...
▒g..brhhg$.......
▒▒▒▒▒▒▒▒▒▒.......
▒▒▒▒▒.▒. ▒...


You could see an orc (bleeding), 2 jackals, a goblin and a friendly bat.

Vanquished Creatures
  A ball python (D:3)
  A giant cockroach (D:1)
  2 hobgoblins (D:1)
  2 bats
  A goblin (D:1)
  2 kobolds
  8 rats (D:1)
17 creatures vanquished.

Vanquished Creatures (collateral kills)
  3 goblins
  A hobgoblin (D:1)
  A kobold (D:1)
  2 jackals (D:3)
  2 rats (D:1)
9 creatures vanquished.

Vanquished Creatures (others)
  2 bats
  2 quokkas
  A rat (D:1)
5 creatures vanquished.

Grand Total: 31 creatures vanquished

Notes
Turn   | Place    | Note
--------------------------------------------------------------
     0 | D:1      | Roderic, the Bearkin Summoner, began the quest for the Orb.
     0 | D:1      | Reached XP level 1. HP: 13/13 MP: 3/3
   570 | D:1      | Reached XP level 2. HP: 17/20 MP: 0/4
   743 | D:2      | Noticed Jessica
   746 | D:2      | Noticed Terence
   982 | D:3      | Slain by an orc

Action                   || total
-------------------------++-------
Melee: Unarmed           ||    66
 Cast: Summon Small Mamm ||    17
 Abil: Cornered Berserk  ||     1
 Stab: Sleeping          ||     2
  Eat: Bread ration      ||     1
